 Dungeon Crawl Stone Soup version 0.16.2-12-gd0ad4c3 (webtiles) character file.

282137 faibistes the Eclecticist (level 19, -21/126 HPs)
             Began as a Deep Elf Wizard on June 9, 2018.
             Was the Champion of Sif Muna.
             Demolished by a large abomination (39 damage)
             ... on level 3 of the Abyss.
             The game lasted 04:01:57 (78773 turns).

faibistes the Eclecticist (Deep Elf Wizard)        Turns: 78773, Time: 04:01:58

Health: -21/126    AC: 13    Str:  4    XL:     19   Next: 72%
Magic:  6/64       EV: 17    Int: 35    God:    Sif Muna [******]
Gold:   476        SH:  0    Dex: 13    Spells: 11 memorised, 3 levels left

rFire  . . .     SeeInvis +     w - staff of power
rCold  + . .     Clarity  .     M - +2 robe {rC+}
rNeg   . . .     SustAb   .     (no shield)
rPois  .         Gourm    .     u - +0 helmet {Int+3}
rElec  .         Spirit   .     G - +1 cloak
rCorr  .         Warding  .     S - +2 pair of gloves
rMut   .         Stasis   .     O - +2 pair of boots
MR     +....                    F - amulet of Vitality {Regen+ HP+15}
Stlth  ++........               W - ring of magical power
                                P - ring of see invisible

@: about to teleport, repel missiles, somewhat resistant to hostile
enchantments, unstealthy
A: no striking features
a: Channel Energy, Forget Spell, Renounce Religion
}: 2/15 runes: barnacled, gossamer


You were on level 3 of the Abyss.
You worshipped Sif Muna.
Sif Muna was exalted by your worship.
You were not hungry.

You visited 8 branches of the dungeon, and saw 42 of its levels.
You visited the Abyss 1 time.

You collected 3793 gold pieces.
You spent 3317 gold pieces at shops.

Inventory:

Hand weapons
 N - the +0 hand axe "Refac" {chop, rElec rPois rF+ Dex-2 Stlth+}
   (You bought it in a shop on level 3 of the Orcish Mines)

   It inflicts extra damage upon your enemies.
   It affects your dexterity (-2).
   It protects you from fire.
   It insulates you from electricity.
   It protects you from poison.
   It makes you more stealthy.
Armour
 u - a +0 helmet of intelligence (worn)
 G - a +1 cloak (worn)
 M - a +2 robe of cold resistance (worn)
 O - a +2 pair of boots (worn)
 S - a +2 pair of gloves (worn)
Magical staves
 w - an uncursed staff of power (weapon)
Rods
 e - a +1 lightning rod (9/9)
   (You found it on level 4 of the Lair of Beasts)
Jewellery
 b - an uncursed ring of positive energy
 v - an uncursed ring of wizardry
 F - the amulet of Vitality (around neck) {Regen+ HP+15}
   (You bought it in a shop on level 13 of the Dungeon)

   [amulet of regeneration]

   It affects your health (+15).
   It increases your rate of regeneration.
 P - a ring of see invisible (left hand)
 Q - an uncursed ring of protection from cold
 U - the ring "Buimily" {+Fly MR+}
   (You found it on level 5 of the Shoals)

   [ring of flight]

   It affects your resistance to hostile enchantments.
   It lets you fly.
 W - a ring of magical power (right hand)
Magical devices
 l - a wand of fireball (1)
 p - a wand of enslavement (16)
 K - a wand of fire (5)
 L - a wand of teleportation (1)
 R - a wand of lightning (4)
 V - a wand of fireball (4)
 X - a wand of cold (6)
Scrolls
 c - 23 scrolls of identify
 f - a scroll of enchant weapon
 h - 3 scrolls of magic mapping
 i - 4 scrolls of fog
 n - 8 scrolls of remove curse
 r - 7 scrolls of recharging
 s - 2 scrolls of fear
 x - a scroll of teleportation
 y - 4 scrolls of immolation
 A - a scroll of summoning
Potions
 g - 5 potions of haste
 j - 4 potions of cure mutation
 k - 5 potions of curing
 m - 3 potions of magic
 q - 6 potions of restore abilities
 t - a potion of resistance
 z - 4 potions of heal wounds
 C - a potion of flight
 D - 2 potions of invisibility
 E - 6 potions of brilliance
 Y - 6 potions of ambrosia
 Z - 2 potions of cancellation
Miscellaneous
 J - a phial of floods
Comestibles
 d - 7 bread rations
 o - 12 meat rations


   Skills:
 + Level 9.6 Fighting
 - Level 10.0 Dodging
 - Level 2.4 Stealth
 * Level 20.5 Spellcasting
 + Level 14.9 Conjurations
 - Level 11.3 Charms
   Level 4.3 Summonings
 - Level 11.0 Translocations
   Level 4.0 Transmutations
 * Level 14.5 Fire Magic
 - Level 3.3 Air Magic
 * Level 14.5 Earth Magic
   Level 2.5 Poison Magic
 - Level 10.3 Invocations
 - Level 9.0 Evocations


You had 3 spell levels left.
You knew the following spells:

 Your Spells              Type           Power        Failure   Level  Hunger
a - Magic Dart            Conj           ####         0%          1    None
b - Ring of Flames        Chrm/Fire      #######...   3%          7    None
c - Lehudib's Crystal Sp  Conj/Erth      #######...   17%         8    ####...
d - Controlled Blink      Tloc           N/A          10%         7    None
f - Repel Missiles        Chrm/Air       ######       1%          2    None
h - Haste                 Chrm           #######.     1%          6    None
i - Iskenderun's Battles  Conj/Chrm      #######.     1%          5    None
l - Lee's Rapid Deconstr  Erth           #######...   1%          5    None
v - Bolt of Fire          Conj/Fire      #######...   1%          6    None
x - Force Lance           Conj/Tloc      #######.     1%          4    None
z - Fireball              Conj/Fire      #######...   1%          5    None


Dungeon Overview and Level Annotations

Branches:
Dungeon (15/15)            Temple (1/1) D:7            Lair (8/8) D:9
 Shoals (5/5) Lair:5       Spider (5/5) Lair:6        Slime (0/6) Lair:6
    Orc (4/4) D:12            Elf (2/3) Orc:3        Vaults (2/5) D:14
 Depths (0/5) D:15
  Crypt: Vaults:2-3

Altars:
Ashenzari
Cheibriados
Dithmenos
Elyvilon
Fedhas
Gozag
Kikubaaqudgha
Makhleb
Nemelex Xobeh
Okawaru
Qazlal
Ru
Sif Muna
Trog
Vehumet
Xom
Yredelemnul
Zin
The Shining One
Beogh

Shops:
D:13 =:%   Orc:2 (   Orc:3 *[   Orc:4 *([:   Elf:2 ?(!

Annotations:
Shoals:5 Ilsuiw
Elf:2 Wiglaf


Message History

* * * LOW HITPOINT WARNING * * *
The small abomination closely misses you.
A starcursed mass comes into view.
A small abomination comes into view.
A large abomination comes into view.
The large abomination moves out of view.
A sixfirhy comes into view.
Read which item? (? for menu, Esc to quit)
Okay, then.
Evoke which item? (* to show all) (? for menu, Esc to quit)
Zapping:
L - a wand of teleportation (will waste charges)
Press: ? - help, Shift-Dir - straight line, f - you, p - large abomination You feel strangely unstable.
You feel the power of the Abyss delaying your translocation.
Evoking this partially-identified wand wasted a few charges.
Your skill with magical items lets you calculate the power of this device...
This wand has 1 charge left.
The sixfirhy hits you but does no damage. x2
The large abomination hits you!!!
You die...

.... ... ....... ....
....... #.... .....# .
. ##X..###...###.. #
.#.....#.....#.....#
.....................
........4x.............
........@Xx............
##.#....####.##....#.#
##... # ....#.# . #X#
....##....x#.##. ..#
##.#. #......#.X.#..
...#.....###.#..## .
#..........###.#
.....#...#.###
.##.#x### #


You could see 2 large abominations, a sixfirhy and 2 small abominations.

Vanquished Creatures
  Arachne (Spider:3)
  A deep elf blademaster (Elf:2)
  A kraken (Shoals:5)
  Rupert (Elf:1)
  An Executioner (Abyss:1)
  Kirke (Elf:1)
  A tentacled starspawn (Abyss:1)
  4 ghost moths (Spider:5)
  The ghost of faibistes the Eclecticist, a mighty DEWz of Sif Muna (Elf:2)
  2 vault wardens (Vaults:1)
  7 emperor scorpions
  Louise (Spider:5)
  2 orc warlords (Orc:4)
  A deep elf sorcerer (Elf:1)
  A deep elf demonologist (Elf:1)
  A dire elephant (D:15)
  Azrael (Elf:2)
  The ghost of faibistes the Eclecticist, a powerful DEWz of Sif Muna (Elf:1)
  A lorocyproca (Abyss:3)
  Snorg (Spider:3)
  5 merfolk javelineers (Shoals:5)
  Josephine (Orc:3)
  7 merfolk impalers
  A vault guard (D:14)
  Fannar (Orc:2)
  Harold (Orc:4)
  10 hydras
  6 merfolk avatars
  An ice dragon (Lair:7)
  Nessos (Spider:2)
  3 alligator snapping turtles
  A catoblepas (Lair:8)
  15 dancing weapons (Elf:2)
  A satyr (Shoals:3)
  A tengu warrior (D:15)
  3 centaur warriors
  A merfolk aquamancer (Shoals:5)
  Urug (Orc:4)
  2 thrashing horrors
  3 orc high priests (Orc:4)
  15 death yaks
  A soul eater (Abyss:1)
  A wretched star (Abyss:1)
  12 deep elf knights
  An ice devil (Orc:4)
  A spatial maelstrom (Abyss:1)
  2 wizards
  10 sea snakes
  2 unseen horrors
  6 large abominations
  8 deep elf summoners
  A necromancer (Vaults:2)
  5 orc knights
  5 starcursed masses
  11 deep elf conjurers
  9 griffons
  22 orb spiders
  5 hornets
  28 harpies
  40 wolf spiders
  2 oklob plants
  4 water nymphs
  5 hill giants
  9 fauns
  A lindwurm (Elf:1)
  13 manticores
  10 orc sorcerers
  3 cyclopes
  2 frost giant zombies (Vaults:2)
  9 elephants
  5 ugly things
  7 black mambas
  4 centaur zombies
  A salamander (D:15)
  A fire giant skeleton (Vaults:2)
  Maurice (D:13)
  An orange demon (Abyss:1)
  8 sirens
  2 gargoyles
  15 spiny frogs
  A torpor snail (Spider:1)
  An efreet (D:11)
  2 kobold demonologists
  A fire drake (shapeshifter) (Elf:1)
  10 demonic crawlers
  2 smoke demons (Abyss:1)
  12 komodo dragons
  10 deep elf priests
  8 fire drakes
  3 catoblepas skeletons (Abyss:3)
  A blue devil (Orc:2)
  11 trolls
  3 tengu conjurers
  34 jumping spiders
  28 merfolk
  22 blink frogs
  Sonja (Spider:1)
  11 ravens
  6 boulder beetles
  17 slime creatures
  7 raiju
  4 two-headed ogres
  A harpy skeleton (D:15)
  A wind drake (Shoals:4)
  A polar bear (Lair:7)
  16 snapping turtles
  3 wyverns
  A shadow (D:13)
  7 basilisks
  35 trapdoor spiders
  49 redbacks
  7 wraiths
  27 deep elf magi
  31 tarantellas
  3 hungry ghosts
  8 water elementals
  53 yaks
  A ynoxinul (Abyss:3)
  2 hogs (Elf:1)
  Eustachio (D:9)
  6 fire elementals
  A steam dragon (Lair:7)
  15 hippogriffs
  2 chaos spawn
  26 deep elf fighters
  19 wolves
  Edmund (D:6)
  2 wargs
  9 vampire mosquitoes
  2 mottled dragons
  2 neqoxecs (Abyss:3)
  8 ice beasts
  16 water moccasins
  A soldier ant (D:11)
  34 orc warriors
  3 hell hounds
  A wasp (D:12)
  9 porcupines
  6 black bears
  57 spiders
  3 eyes of draining
  A boggart (Elf:1)
  2 phantoms
  A sky beast (D:10)
  A necrophage (D:11)
  16 crocodiles
  15 centaurs
  14 ogres
  A boring beetle (Spider:3)
  Sigmund (D:3)
  A big kobold (D:12)
  Blork the orc (D:6)
  29 giant frogs
  A wyvern skeleton (D:13)
  15 killer bees
  11 scorpions
  A human simulacrum (Vaults:2)
  2 wights (Abyss:1)
  2 electric eels
  3 giant frog zombies
  9 crimson imps
  28 orc priests
  2 quasits
  16 hounds
  Crazy Yiuf (D:6)
  4 giant frog skeletons
  8 jellies
  9 iguanas
  4 centaur skeletons
  46 orc wizards
  15 worker ants
  A hell rat (Elf:1)
  41 sheep
  A worker ant zombie (D:7)
  Robin (D:2)
  70 river rats
  29 adders
  A shadow imp (D:7)
  A giant mite (D:7)
  2 worms
  An adder skeleton (D:8)
  4 giant geckos
  4 oozes
  212 orcs
  4 bat zombies
  40 goblins
  21 hobgoblins
  8 jackals
  16 quokkas
  A ball python (D:2)
  20 bats
  6 giant cockroaches
  A giant gecko skeleton (D:5)
  A giant gecko zombie (D:8)
  6 giant newts
  A giant spore (D:10)
  21 kobolds
  A quokka zombie (D:7)
  40 rats
  6 ballistomycetes
  A bush (Lair:8)
  6 fungi
  7 plants
  A starspawn tentacle (Abyss:1)
1885 creatures vanquished.

Vanquished Creatures (collateral kills)
  4 jackals
4 creatures vanquished.

Vanquished Creatures (others)
  A drowned soul (Shoals:5)
  3 humans (Elf:1)
  A water moccasin (Lair:6)
  A jelly (D:7)
  A river rat (D:6)
  2 giant spores
  A ballistomycete (D:15)
  3 bushes (Lair:8)
  107 fungi
  63 plants
  A starspawn tentacle (Abyss:1)
  93 starspawn tentacle segments (Abyss:1)
277 creatures vanquished.

Grand Total: 2166 creatures vanquished

Notes
Turn   | Place    | Note
--------------------------------------------------------------
     0 | D:1      | faibistes, the Deep Elf Wizard, began the quest for the Orb.
     0 | D:1      | Reached XP level 1. HP: 10/10 MP: 6/6
   503 | D:1      | Reached XP level 2. HP: 15/15 MP: 4/9
   508 | D:1      | Learned a level 2 spell: Blink
   511 | D:1      | Learned a level 2 spell: Call Imp
  1212 | D:1      | Reached XP level 3. HP: 19/19 MP: 11/13
  1227 | D:1      | Learned a level 3 spell: Conjure Flame
  1231 | D:1      | Learned a level 3 spell: Mephitic Cloud
  1282 | D:1      | Reached skill level 5 in Spellcasting
  2299 | D:2      | Noticed Robin
  2299 | D:2      | Reached XP level 4. HP: 24/24 MP: 3/17
  2311 | D:2      | Killed Robin
  2460 | D:2      | Learned a level 2 spell: Repel Missiles
  2989 | D:3      | Noticed an ice beast
  3150 | D:3      | Killed an ice beast
  3150 | D:3      | Reached skill level 6 in Spellcasting
  3150 | D:3      | Reached XP level 5. HP: 28/28 MP: 6/20
  4081 | D:4      | Noticed a phantom
  4158 | D:4      | Killed a phantom
  4158 | D:4      | Reached skill level 7 in Spellcasting
  4158 | D:4      | Reached XP level 6. HP: 26/32 MP: 16/23
  4192 | D:3      | Noticed Sigmund
  4504 | D:3      | Killed Sigmund
  4893 | D:4      | Got a translucent lead amulet
  4895 | D:4      | Identified the amulet "Clefeat" {Faith SInv} (You found it on level 4 of the Dungeon)
  4908 | D:5      | Entered Level 5 of the Dungeon
  4926 | D:5      | Reached skill level 1 in Fighting
  4926 | D:5      | Reached XP level 7. HP: 36/38 MP: 17/25
  4965 | D:5      | Reached skill level 1 in Evocations
  5222 | D:4      | Found a shadowy altar of Dithmenos.
  5573 | D:5      | Reached skill level 5 in Dodging
  5573 | D:5      | Reached skill level 8 in Spellcasting
  5712 | D:4      | Noticed an ogre
  5771 | D:4      | Killed an ogre
  6166 | D:4      | Found a sacrificial altar of Ru.
  6579 | D:5      | Found a glowing golden altar of the Shining One.
  6649 | D:5      | Found an iron altar of Okawaru.
  6681 | D:5      | Found a burning altar of Makhleb.
  6747 | D:5      | Found a sparkling altar of Nemelex Xobeh.
  6750 | D:5      | Found a glowing silver altar of Zin.
  6879 | D:5      | Found an ancient bone altar of Kikubaaqudgha.
  7156 | D:6      | Noticed Edmund
  7174 | D:6      | Killed Edmund
  7174 | D:6      | Reached XP level 8. HP: 40/45 MP: 19/28
  7874 | D:6      | Reached skill level 9 in Spellcasting
  8171 | D:6      | Noticed Blork the orc
  8184 | D:6      | Killed Blork the orc
  8265 | D:6      | Noticed Crazy Yiuf
  8275 | D:6      | Killed Crazy Yiuf
  8554 | D:6      | Found a glowing golden altar of the Shining One.
  9342 | D:7      | Reached skill level 10 in Spellcasting
  9342 | D:7      | Reached XP level 9. HP: 43/52 MP: 7/30
  9737 | D:7      | Reached skill level 5 in Evocations
  9830 | D:7      | Found a staircase to the Ecumenical Temple.
  9873 | Temple   | Entered the Ecumenical Temple
  9931 | Temple   | Became a worshipper of Sif Muna the Loreminder
 10187 | D:7      | Found a radiant altar of Vehumet.
 10188 | D:7      | Found a basalt altar of Yredelemnul.
 10212 | D:7      | Reached skill level 1 in Air Magic
 10371 | D:7      | Reached skill level 1 in Fire Magic
 10715 | D:7      | Found a stormy altar of Qazlal.
 10921 | D:8      | Reached skill level 1 in Poison Magic
 11138 | D:9      | Acquired Sif Muna's first power
 11406 | D:8      | Reached skill level 5 in Conjurations
 11862 | D:9      | Reached skill level 11 in Spellcasting
 11995 | D:10     | Entered Level 10 of the Dungeon
 12525 | D:9      | Acquired Sif Muna's second power
 12531 | D:9      | Reached XP level 10. HP: 58/58 MP: 20/32
 12761 | D:9      | Noticed Eustachio
 12783 | D:9      | Killed Eustachio
 13281 | D:9      | Found a staircase to the Lair.
 13281 | D:9      | Noticed a fire drake
 13298 | D:9      | Killed a fire drake
 13994 | Lair:1   | Entered Level 1 of the Lair of Beasts
 14063 | Lair:1   | Reached skill level 1 in Invocations
 14079 | Lair:1   | Learned a level 5 spell: Fireball
 14222 | Lair:2   | Learned a level 5 spell: Ignite Poison
 14267 | Lair:1   | Reached skill level 1 in Charms
 14281 | Lair:1   | Reached skill level 1 in Transmutations
 15388 | Lair:1   | Reached skill level 5 in Fire Magic
 15388 | Lair:1   | Reached XP level 11. HP: 62/62 MP: 18/33
 15925 | Lair:1   | Reached skill level 12 in Spellcasting
 16361 | Lair:2   | Noticed a five-headed hydra
 16369 | Lair:2   | Killed a five-headed hydra
 16369 | Lair:2   | Acquired Sif Muna's third power
 16728 | Lair:2   | Reached skill level 5 in Fighting
 16873 | Lair:2   | Noticed a four-headed hydra
 16880 | Lair:2   | Killed a four-headed hydra
 17052 | Lair:2   | Noticed a five-headed hydra
 17064 | Lair:2   | Killed a five-headed hydra
 17505 | Lair:3   | Reached skill level 5 in Invocations
 19209 | Lair:4   | Learned a level 3 spell: Passwall
 19214 | Lair:4   | Learned a level 4 spell: Passage of Golubria
 19217 | Lair:4   | Learned a level 2 spell: Swiftness
 19519 | Lair:5   | Reached XP level 12. HP: 68/68 MP: 29/35
 19986 | Lair:4   | Reached skill level 1 in Earth Magic
 20377 | Lair:5   | Reached skill level 13 in Spellcasting
 20623 | Lair:6   | Reached skill level 5 in Charms
 21135 | Lair:6   | Found a hole to the Spider Nest.
 21183 | Lair:4   | Learned a level 5 spell: Lee's Rapid Deconstruction
 22225 | Lair:4   | Received a gift from Sif Muna
 22779 | Lair:5   | Found a staircase to the Shoals.
 23030 | Lair:5   | Got a twisted war axe
 23031 | Lair:5   | Identified the +7 war axe of Beogh's Benevolence {flame, MR+} (You found it on level 5 of the Lair of Beasts)
 23899 | Lair:6   | Found a staircase to the Slime Pits.
 24083 | Lair:6   | Reached skill level 5 in Translocations
 25110 | Lair:6   | You fall through a shaft for 2 floors!
 25110 | Lair:8   | Entered Level 8 of the Lair of Beasts
 25422 | Lair:8   | Reached XP level 13. HP: 33/74 MP: 6/36
 25634 | Lair:7   | Reached skill level 14 in Spellcasting
 25634 | Lair:7   | Reached skill level 5 in Earth Magic
 26188 | Lair:7   | Got a sparkling iron amulet
 26190 | Lair:7   | Identified the amulet "Klitivei" {Spirit rN++} (You found it on level 7 of the Lair of Beasts)
 26500 | Lair:7   | Noticed a seven-headed hydra
 26512 | Lair:7   | Killed a seven-headed hydra
 28361 | Lair:7   | Received a gift from Sif Muna
 28362 | Lair:7   | Identified Iskenderun's Incunabulum of Vitriolic Conjuration (Sif Muna gifted it to you on level 7 of the Lair of Beasts)
 28577 | Lair:7   | Noticed an ice dragon
 28614 | Lair:7   | Killed an ice dragon
 30129 | Lair:8   | Reached XP level 14. HP: 80/80 MP: 3/38
 30264 | Lair:8   | Noticed a catoblepas
 30402 | Lair:8   | Noticed a six-headed hydra
 30424 | Lair:8   | Killed a six-headed hydra
 30524 | Lair:8   | Killed a catoblepas
 30524 | Lair:8   | Reached skill level 10 in Dodging
 30638 | Lair:8   | Reached skill level 15 in Spellcasting
 30835 | Lair:8   | Identified a scroll of acquirement
 32728 | Lair:8   | Noticed an eight-headed hydra
 33348 | D:10     | Found a bloodstained altar of Trog.
 34570 | Lair:2   | Learned a level 6 spell: Bolt of Fire
 35580 | D:12     | Received a gift from Sif Muna
 35584 | D:12     | Identified Sif Muna's Guide on Conjuration (Sif Muna gifted it to you on level 12 of the Dungeon)
 35978 | D:12     | Found a staircase to the Orcish Mines.
 36215 | D:12     | Reached skill level 10 in Invocations
 37735 | Lair:2   | Learned a level 6 spell: Iron Shot
 38200 | Orc:1    | Entered Level 1 of the Orcish Mines
 39077 | Orc:3    | Found a staircase to the Elven Halls.
 39247 | Orc:4    | Entered Level 4 of the Orcish Mines
 39292 | Orc:1    | Found a glowing silver altar of Zin.
 39327 | Orc:2    | Noticed Fannar
 39450 | Orc:2    | Killed Fannar
 39450 | Orc:2    | Reached XP level 15. HP: 39/85 MP: 34/39
 39464 | Orc:2    | Found Gain's Weapon Boutique.
 40681 | Orc:3    | Found Trudyw's Assorted Antiques.
 40685 | Orc:3    | Bought a scroll labeled XOCUIR ZOZILU for 26 gold pieces
 40687 | Orc:3    | Bought an iridescent hand axe for 208 gold pieces
 40687 | Orc:3    | Identified the +0 hand axe "Refac" {chop, rElec rPois rF+ Dex-2 Stlth+} (You bought it in a shop on level 3 of the Orcish Mines)
 41424 | Orc:3    | Found a bloodstained altar of Trog.
 41615 | Orc:4    | Noticed Harold
 41617 | Orc:4    | Killed Harold
 41617 | Orc:4    | Reached skill level 16 in Spellcasting
 41758 | Orc:3    | Found Timeni Meol's Antique Armour Shoppe.
 41765 | Orc:3    | Bought a pair of embroidered boots for 112 gold pieces
 41920 | Orc:3    | Noticed Josephine
 41923 | Orc:3    | Killed Josephine
 43254 | Orc:4    | Noticed an orc warlord
 43271 | Orc:4    | Killed an orc warlord
 43768 | Orc:4    | Received a gift from Sif Muna
 43769 | Orc:4    | Identified Sif Muna's Collected Works on the Rocks (Sif Muna gifted it to you on level 4 of the Orcish Mines)
 44024 | Orc:4    | Found a roughly hewn altar of Beogh.
 44199 | Orc:4    | Found Saistraxo's Antique Armour Emporium.
 44426 | Orc:4    | Found Elysaf's Antique Weapon Emporium.
 44442 | Orc:4    | Found Vaahes' General Store.
 44479 | Orc:4    | Bought a pair of ichor-stained boots for 209 gold pieces
 44489 | Orc:4    | Identified the cursed -1 pair of boots "Jilodwalo" {rElec rN+ Regen+ Str-4 Dex+6} (You bought it in a shop on level 4 of the Orcish Mines)
 44489 | Orc:4    | Lost strength.
 44573 | Orc:4    | Found Caruca's Book Emporium.
 44820 | Orc:4    | Noticed an orc warlord
 44829 | Orc:4    | Killed an orc warlord
 45454 | Orc:4    | Bought an Akashic Record for 1324 gold pieces
 45478 | Orc:4    | Noticed Urug
 45482 | Orc:4    | Killed Urug
 45767 | Elf:1    | Entered Level 1 of the Elven Halls
 45769 | Elf:1    | Noticed Rupert
 45776 | Elf:1    | Killed Rupert
 46020 | Elf:1    | Found a radiant altar of Vehumet.
 46368 | Elf:2    | Noticed faibistes' ghost (mighty DEWz)
 46375 | Elf:2    | Killed faibistes' ghost
 46839 | Elf:2    | Found Eresiomu's Weapon Boutique.
 46891 | Elf:1    | Reached skill level 10 in Conjurations
 47304 | Elf:1    | Reached skill level 10 in Fire Magic
 47369 | Elf:1    | Received a gift from Sif Muna
 47370 | Elf:1    | Identified Sif Muna's Handbook of Enhancements (Sif Muna gifted it to you on level 1 of the Elven Halls)
 47404 | Elf:1    | Reached skill level 17 in Spellcasting
 47406 | Elf:1    | Reached skill level 10 in Charms
 47546 | Elf:1    | Noticed Kirke
 47564 | Elf:1    | Killed Kirke
 47564 | Elf:1    | Reached skill level 10 in Earth Magic
 47595 | Elf:1    | Reached XP level 16. HP: 92/92 MP: 1/41
 48431 | Elf:1    | Noticed faibistes' ghost (powerful DEWz)
 48491 | Elf:1    | Killed faibistes' ghost
 48876 | Elf:2    | Found Giuxaon's Magic Scroll Emporium.
 48891 | Elf:2    | Bought a scroll of blinking for 97 gold pieces
 48891 | Elf:2    | Bought a scroll of recharging for 123 gold pieces
 49139 | Elf:2    | Found Ceuddaci's Distillery.
 49211 | Elf:2    | Found a runed gate.
 49212 | Elf:2    | Found a runed gate.
 49213 | Elf:2    | Found a runed gate.
 49567 | Elf:2    | Noticed Azrael
 49579 | Elf:2    | Killed Azrael
 50038 | Elf:2    | Noticed a deep elf blademaster
 50046 | Elf:2    | Killed a deep elf blademaster
 50693 | Elf:2    | Received a gift from Sif Muna
 50694 | Elf:2    | Identified Sif Muna's Handbook of Displacement (Sif Muna gifted it to you on level 2 of the Elven Halls)
 50700 | Elf:2    | Learned a level 4 spell: Force Lance
 51109 | Elf:2    | Noticed Wiglaf
 51848 | Spider:1 | Entered Level 1 of the Spider Nest
 52616 | Spider:2 | Noticed Nessos
 52620 | Spider:2 | Killed Nessos
 53488 | Spider:2 | Got a smoking trident
 53489 | Spider:2 | Identified the cursed +0 trident of Tension {pierce, Int+5} (You found it on level 2 of the Spider Nest)
 53623 | Spider:1 | Noticed Sonja
 53623 | Spider:1 | Killed Sonja
 54688 | Spider:1 | Reached XP level 17. HP: 56/97 MP: 4/42
 55190 | Spider:2 | Reached skill level 18 in Spellcasting
 55339 | Spider:2 | Received a gift from Sif Muna
 55444 | Spider:3 | Noticed Snorg
 55448 | Spider:3 | Killed Snorg
 57518 | Spider:4 | Noticed Arachne
 57628 | Spider:3 | Killed Arachne
 58006 | Spider:5 | Entered Level 5 of the Spider Nest
 58047 | Spider:4 | Paralysed by a hornet for 3 turns
 58932 | Lair:2   | Learned a level 7 spell: Ring of Flames
 59059 | Shoals:1 | Entered Level 1 of the Shoals
 60403 | Shoals:1 | Received a gift from Sif Muna
 60406 | Shoals:1 | Identified Sif Muna's Grimoire of Scorching Conjuration (Sif Muna gifted it to you on level 1 of the Shoals)
 63287 | Shoals:5 | Entered Level 5 of the Shoals
 63460 | Shoals:5 | Reached XP level 18. HP: 94/104 MP: 28/43
 63679 | Shoals:4 | Reached skill level 19 in Spellcasting
 65443 | D:13     | Found Toagirae's Food Emporium.
 65689 | D:15     | Entered Level 15 of the Dungeon
 65710 | D:13     | Found Straojai's Jewellery Shoppe.
 65713 | D:13     | Bought an uncursed ring of magical power for 280 gold pieces
 65713 | D:13     | Bought an uncursed ring of wizardry for 420 gold pieces
 65713 | D:13     | Bought the amulet of Vitality {Regen+ HP+15} for 518 gold pieces
 65980 | D:12     | Received a gift from Sif Muna
 65981 | D:12     | Identified Twabedih's Compendium of Boosts and the Escort (Sif Muna gifted it to you on level 12 of the Dungeon)
 66117 | D:13     | Noticed Maurice
 66123 | D:13     | Killed Maurice
 66226 | D:13     | Found a deep blue altar of Sif Muna.
 66274 | D:13     | Found Esir's Book Shoppe.
 66634 | Lair:2   | Learned a level 6 spell: Haste
 67107 | D:14     | Found a gate to the Vaults.
 67943 | D:15     | Reached skill level 10 in Translocations
 68337 | D:15     | Found a blossoming altar of Fedhas.
 68943 | D:15     | Found a staircase to the Depths.
 70162 | Spider:5 | Noticed Louise
 70168 | Spider:5 | Killed Louise
 71143 | Spider:5 | Received a gift from Sif Muna
 71144 | Spider:5 | Identified Taimu's Reference Book on Conjuration (Sif Muna gifted it to you on level 5 of the Spider Nest)
 73152 | Spider:5 | Reached XP level 19. HP: 110/110 MP: 15/44
 73554 | Spider:5 | Got a gossamer rune of Zot
 73836 | Lair:2   | Learned a level 7 spell: Controlled Blink
 73843 | Lair:2   | Learned a level 5 spell: Iskenderun's Battlesphere
 74832 | Shoals:5 | Reached skill level 20 in Spellcasting
 75303 | Shoals:5 | Got a coiled bronze ring
 75305 | Shoals:5 | Identified the ring "Buimily" {+Fly MR+} (You found it on level 5 of the Shoals)
 75761 | Shoals:5 | Noticed Ilsuiw
 75786 | Shoals:5 | Received a gift from Sif Muna
 76210 | Shoals:5 | Got a barnacled rune of Zot
 76966 | Lair:2   | Learned a level 8 spell: Lehudib's Crystal Spear
 77186 | Vaults:1 | Entered Level 1 of the Vaults
 77738 | Vaults:1 | Cast into the Abyss (an ogre mage)
 78731 | Abyss:3  | Found a corrupted altar of Lugonu.
 78773 | Abyss:3  | Demolished by a large abomination

Action                   |  1- 3 |  4- 6 |  7- 9 | 10-12 | 13-15 | 16-18 | 19-21 || total
-------------------------+-------+-------+-------+-------+-------+-------+-------++-------
Melee: Unarmed           |     1 |       |       |       |       |       |       ||     1
       Dagger            |       |    21 |    89 |   229 |       |       |       ||   339
       War axe           |       |       |       |    23 |    91 |       |       ||   114
       Staff             |       |       |       |       |    30 |     2 |     1 ||    33
 Cast: Magic Dart        |    93 |   146 |   523 |   346 |    77 |     4 |     6 ||  1195
       Call Imp          |     3 |       |     2 |       |       |       |       ||     5
       Mephitic Cloud    |     2 |     5 |    48 |    32 |    20 |     2 |       ||   109
       Conjure Flame     |     1 |     4 |    33 |    42 |    69 |     4 |       ||   153
       Blink             |       |     1 |    12 |    29 |    36 |    10 |       ||    88
       Repel Missiles    |       |     1 |       |     1 |       |     2 |     2 ||     6
       Fireball          |       |       |       |   120 |   418 |   112 |    42 ||   692
       Ignite Poison     |       |       |       |    27 |    48 |   213 |     1 ||   289
       Lee's Rapid Decon |       |       |       |       |    96 |    81 |    25 ||   202
       Bolt of Fire      |       |       |       |       |   161 |   357 |   145 ||   663
       Iron Shot         |       |       |       |       |    16 |    88 |     3 ||   107
       Force Lance       |       |       |       |       |       |    69 |    16 ||    85
       Ring of Flames    |       |       |       |       |       |    17 |    11 ||    28
       Passwall          |       |       |       |       |       |     6 |       ||     6
       Haste             |       |       |       |       |       |     1 |     1 ||     2
       Lehudib's Crystal |       |       |       |       |       |       |    17 ||    17
       Controlled Blink  |       |       |       |       |       |       |     4 ||     4
       Iskenderun's Batt |       |       |       |       |       |       |     4 ||     4
Invok: Channel Energy    |       |       |       |    18 |    77 |    41 |    76 ||   212
       Forget Spell      |       |       |       |       |       |       |     4 ||     4
 Abil: Evoke Flight      |       |       |       |       |       |     1 |       ||     1
Evoke: Wand              |       |       |     6 |     7 |     2 |     4 |     9 ||    28
  Use: Scroll            |     4 |     3 |    15 |     9 |    17 |    11 |     7 ||    66
       Potion            |       |       |     1 |     2 |     5 |     3 |     8 ||    19
 Stab: Distracted        |     1 |       |       |       |       |       |       ||     1
       Confused          |       |     1 |     4 |    14 |     1 |       |       ||    20
       Sleeping          |       |       |     1 |     1 |       |       |       ||     2
       Paralysed         |       |       |       |    13 |       |       |       ||    13
  Eat: Chunk             |     3 |     9 |    24 |    34 |    71 |    25 |    11 ||   177
       Fruit             |       |       |     1 |     7 |     6 |    14 |     3 ||    31
       Beef jerky        |       |       |       |     4 |     3 |     5 |       ||    12
       Royal jelly       |       |       |       |     1 |       |       |       ||     1
       Pizza             |       |       |       |       |     5 |     1 |       ||     6
       Bread ration      |       |       |       |       |     1 |    10 |     5 ||    16
